 Dungeon Crawl Stone Soup version 0.20.1-1-g8b1a95d (webtiles) character file.

523 Starchild the Changer (level 7, 0/52 HPs)
             Began as a Purple Draconian Transmuter on Aug 6, 2017.
             Was a Follower of Makhleb.
             Killed by divine providence
             ... invoked by an orc priest
              (11 damage)
             ... on level 4 of the Dungeon.
             The game lasted 00:10:17 (3654 turns).

Starchild the Changer (Purple Draconian Transmuter) Turns: 3654, Time: 00:10:18

Health: 0/52       AC:  7    Str: 15    XL:     7   Next: 2%
Magic:  9/10       EV: 12    Int: 13    God:    Makhleb [*.....]
Gold:   197        SH:  0    Dex: 11    Spells: 4/10 levels left

rFire    . . .     SeeInvis .     - Unarmed
rCold    . . .     Gourm    .   (no shield)
rNeg     . . .     Faith    .   (armour unavailable)
rPois    .         Spirit   .   (helmet restricted)
rElec    .         Reflect  .   (no cloak)
rCorr    .         Harm     .   p - +0 pair of gloves
MR       ++...                  (no boots)
Stlth    +.........             (no amulet)
Regen    0.2/turn               h - ring of protection from magic
MPRegen  0.2/turn               (no ring)

@: no status effects
A: breathe power, unfitting armour, cold-blooded, AC +6
a: Breathe Dispelling Energy, Renounce Religion


You were on level 4 of the Dungeon.
You worshipped Makhleb.
Makhleb was aware of your devotion.
You were very hungry.

You visited 1 branch of the dungeon, and saw 4 of its levels.

You collected 197 gold pieces.

Inventory:

Missiles
 a - 48 arrows
 d - 6 tomahawks (quivered)
 u - a throwing net
Armour
 p - a +0 pair of gloves (worn)
Jewellery
 h - a ring of protection from magic (left hand)
Scrolls
 f - 3 scrolls of remove curse {unknown}
 i - a scroll of immolation {unknown}
 m - 2 scrolls of identify {unknown}
 q - 2 scrolls of amnesia {unknown}
 r - a scroll of enchant armour {unknown}
 s - a scroll of magic mapping {unknown}
Potions
 e - a potion of flight {unknown}
 j - a potion of agility {unknown}
 k - a potion of lignification {unknown}
 l - 2 potions of cancellation {unknown}
 n - 2 potions of curing
 t - a potion of magic {unknown}
 v - a potion of degeneration {unknown}
Books
 b - a book of Changes

   Spells                             Type                      Level
   a - Beastly Appendage              Transmutation                1
   b - Sticks to Snakes               Transmutation                2
   c - Spider Form                    Transmutation/Poison         3
   d - Ice Form                       Ice/Transmutation            4
   e - Blade Hands                    Transmutation                5
Comestibles
 c - 7 bread rations
 g - 3 meat rations


   Skills:
 - Level 1.1 Fighting
 - Level 1.7 Dodging
 - Level 3.0 Unarmed Combat
 - Level 2.4 Spellcasting
 + Level 7.7 Transmutations


You had 4 spell levels left.
You knew the following spells:

 Your Spells              Type           Power        Failure   Level  Hunger
a - Beastly Appendage     Tmut           ###...       1%          1    #......
b - Sticks to Snakes      Tmut           ###.....     1%          2    ###....
c - Spider Form           Tmut/Pois      ##........   16%         3    ###....


Dungeon Overview and Level Annotations

Branches:
Dungeon (4/15)
 Temple: D:4-7

Altars:
Cheibriados
Dithmenos
Makhleb
Uskayaw


Innate Abilities, Weirdness & Mutations

You can breathe bolts of dispelling energy.
Your rich purple scales are hard. (AC +6)
You cannot fit into any form of body armour.
You are cold-blooded and may be slowed by cold attacks.


Message History

* * * LOW HITPOINT WARNING * * *
You kill the orc wizard!
Makhleb accepts your kill.
You have reached level 7!
Your scales start taking on a rich purple colour.
You learn Spellcasting much quicker.
You learn Hexes much quicker.
You learn Charms much quicker.
You learn Evocations quicker.
You can breathe bolts of dispelling energy.
The adder skeleton completely misses you.
The orc throws a tomahawk.
The tomahawk barely misses you. The adder skeleton misses you.
You see here 2 tomahawks.
Your transformation has ended.
Your +0 pair of gloves unmelds from your body.
Okay, then.
Okay, then.
An orc priest comes into view. It is wielding a flail.
The orc priest mumbles some strange prayers to Beogh against you.
Beogh smites you!
You die...

#.......#####.# #.# ##.
#........# #.# #.# #.
#.......o# #.# #.# #.
#........# #.# #.# ##
##.......####.# #.#####
#............# #......
#.......###### #######
######.......#############.§§
#...........@Z.o.o....(.....§
#.###.......##########.....§§
#.........).'..# #......§
#...........##.# #.......
#.....<.)....#)# #.......
#............#)# #.......
#............#.# #.......
#............#.# ########
#.#.....[....#.#


You could see an orc priest, 2 orcs and an adder skeleton.

Vanquished Creatures
  2 ogres (D:4)
  2 scorpions
  A hound (D:3)
  An orc wizard (D:4)
  An orc priest (D:4)
  A worker ant (D:4)
  4 gnolls (D:4)
  4 adders
  A worm (D:4)
  2 dart slugs
  6 leopard geckos
  2 giant cockroaches (D:3)
  9 goblins
  4 hobgoblins
  10 jackals
  A quokka (D:4)
  2 ball pythons
  7 bats
  5 frilled lizards
  6 kobolds
  6 rats
77 creatures vanquished.

Notes
Turn   | Place    | Note
-------+----------+-------------------------------------------
     0 | D:1      | Starchild the Draconian Transmuter began the quest for the Orb.
     0 | D:1      | Reached XP level 1. HP: 16/16 MP: 3/3
   193 | D:1      | Reached XP level 2. HP: 23/23 MP: 3/5
   197 | D:1      | Learned a level 2 spell: Sticks to Snakes
   481 | D:1      | Reached skill level 3 in Transmutations
  1079 | D:2      | Reached XP level 3. HP: 22/28 MP: 6/6
  1361 | D:2      | Reached skill level 4 in Transmutations
  1367 | D:2      | Learned a level 3 spell: Spider Form
  1502 | D:3      | Found a burning altar of Makhleb.
  1502 | D:3      | Noticed a blizzard demon
  1552 | D:3      | Reached XP level 4. HP: 4/35 MP: 3/7
  1841 | D:3      | Noticed a neqoxec
  1841 | D:3      | Noticed a smoke demon
  1843 | D:3      | Became a worshipper of Makhleb the Destroyer
  1865 | D:3      | Found a hide-covered altar of Uskayaw.
  1967 | D:3      | Reached skill level 5 in Transmutations
  1967 | D:3      | Reached XP level 5. HP: 11/40 MP: 8/8
  2208 | D:3      | Found a snail-covered altar of Cheibriados.
  2437 | D:4      | HP: 2/40 [gnoll/spear (7)]
  2635 | D:4      | Reached skill level 6 in Transmutations
  2828 | D:4      | Noticed an ogre
  2855 | D:4      | Killed an ogre
  2855 | D:4      | Reached XP level 6. HP: 19/47 MP: 4/9
  3220 | D:4      | Reached skill level 7 in Transmutations
  3610 | D:4      | Found a shadowy altar of Dithmenos.
  3635 | D:4      | Reached * piety under Makhleb
  3640 | D:4      | Your scales start taking on a rich purple colour.
  3640 | D:4      | Reached XP level 7. HP: 9/52 MP: 7/10
  3654 | D:4      | Killed from afar by an orc priest

Skill      XL: |  1  2  3  4  5  6 |
---------------+-------------------+-----
Transmutations | 3 4 5 6 7 |  7.7
Fighting       | |  1.1
Dodging        | |  1.7
Unarmed Combat | |  3.0
Spellcasting   | |  2.4

Action                   |  1- 3 |  4- 6 |  7- 9 || total
-------------------------+-------+-------+-------++-------
Melee: Unarmed           |   154 |   115 |       ||   269
       Kick              |    11 |    10 |       ||    21
       Tailslap          |    14 |    10 |       ||    24
       Headbutt          |     7 |     1 |       ||     8
       Punch             |       |     1 |       ||     1
 Cast: Beastly Appendage |    23 |    12 |       ||    35
       Spider Form       |     1 |     9 |       ||    10
       Sticks to Snakes  |       |     2 |       ||     2
 Abil: End Transformatio |       |     1 |       ||     1
  Use: Potion            |       |     1 |       ||     1
  Eat: Chunk             |     2 |     6 |       ||     8
       Royal jelly       |       |     1 |       ||     1
Armor: Skin              |    73 |    23 |       ||    96
Dodge: Dodged            |   136 |   110 |     3 ||   249
